 Dungeon Crawl Stone Soup version 0.31.0-32-g396128a36d (webtiles) character file.

Game seed: 7513199962357851677

4039 KittyFluff the Mimic (level 10, -8/96 HPs)
             Began as a Troll Shapeshifter on Apr 14, 2024.
             Mangled by Grum
             ... wielding a -2 halberd
              (29 damage)
             ... on level 9 of the Dungeon.
             The game lasted 00:24:47 (6963 turns).

KittyFluff the Mimic (Troll Shapeshifter)           Turns: 6963, Time: 00:24:48

Health: -8/96      AC:  4    Str: 28    XL:     10   Next: 4%
Magic:  9/9        EV: 11    Int:  6    God:
Gold:   372        SH:  0    Dex:  9    Spells: 9/9 levels left

rFire   + .          .
                       - Unarmed
rCold   . . .        (no shield)
rNeg    . . .        a - +0 animal skin
rPois   .            (helmet currently unavailable)
rElec   .            (cloak currently unavailable)
rCorr   .            (gloves unavailable)
SInv    .            (boots unavailable)
Will    .....        (no amulet)
Stlth   +            K - ring of flight
HPRegen 1.16/turn    k - ring of protection from fire
MPRegen 0.11/turn

%: no passive effects
@: beast-form, flying
A: beast (slay +4), large, unfitting armour, claws 3, regeneration 1, shaggy fur
1, tough skin 1
a: Begin Untransformation


You were on level 9 of the Dungeon.
You were a hulking beast.
You visited 2 branches of the dungeon, and saw 10 of its levels.

You collected 372 gold pieces.

Inventory:

Hand Weapons
 f - a +0 whip
 h - a +3 hand axe
 w - a +0 sling
 E - a +0 mace
 I - a +0 shortbow
 P - a +0 dagger of draining
 R - a +0 great sword of flaming
 S - a +4 spear
 T - a +0 shortbow
Missiles
 g - 86 stones (quivered)
 n - a throwing net
 o - 12 poisoned darts
 r - 2 javelins
 J - 3 boomerangs
Armour
 a - a +0 animal skin (worn)
 p - a +2 hat
 q - a +0 buckler
 s - a scarf of invisibility
 N - a +0 cloak
Jewellery
 k - a ring of protection from fire (right claw)
 B - a +6 ring of intelligence
 C - a ring of wizardry
 K - a ring of flight (left claw)
Talismans
 c - a beast talisman
 d - a flux talisman
 t - a serpent talisman
Wands
 m - a wand of light (13)
 A - a wand of iceblast (3)
 M - a wand of charming (8)
 Q - a wand of flame (19)
Scrolls
 e - 4 scrolls of teleportation
 i - a scroll of silence {unknown}
 j - 2 scrolls of immolation
 l - 2 scrolls of blinking {unknown}
 u - a scroll of noise {unknown}
 v - a scroll of vulnerability
 y - a scroll of torment {unknown}
 D - a scroll of enchant armour {unknown}
 F - a scroll of enchant weapon {unknown}
 O - a scroll of fear {unknown}
Potions
 b - 5 potions of lignification
 x - 2 potions of might
 z - 4 potions of haste
 G - 2 potions of cancellation {unknown}
 H - 4 potions of curing
 L - a potion of mutation {unknown}


   Skills:
 + Level 5.0 Fighting
 + Level 4.9 Throwing
 + Level 5.1 Dodging
 + Level 6.6 Unarmed Combat
 * Level 8.4 Shapeshifting


You had 9 spell levels left.
You didn't know any spells.
Your spell library contained the following spells:

 Spells                   Type           Power      Damage    Failure   Level
 Dazzling Flash           Conj/Hex       0%         N/A       83%         3
 Mephitic Cloud           Conj/Alch/Air  0%         N/A       83%         3
 Ozocubu's Armour         Ice            0%         N/A       83%         3
 Animate Armour           Summ/Erth      0%         N/A       99%         4
 Summon Lightning Spire   Summ/Air       0%         N/A       99%         4
 Curse of Agony           Necr           0%         N/A       100%        5
 Lee's Rapid Deconstruct  Erth           0%         3d4*      100%        5
 Metabolic Englaciation   Hex/Ice        0%         N/A       100%        5
 Silence                  Hex/Air        0%         N/A       100%        5
 Sculpt Simulacrum        Ice/Alch       0%         N/A       100%        6


Dungeon Overview and Level Annotations

Branches:
Dungeon (9/15)             Temple (1/1) D:7
   Lair: D:8-11         Orc: D:9-12

Altars:
Ashenzari
Cheibriados
Dithmenos
Elyvilon
Kikubaaqudgha
Makhleb
Nemelex Xobeh
Okawaru
Qazlal
Ru
Sif Muna
Uskayaw
Vehumet
Wu Jian
Xom
Yredelemnul
Zin
The Shining One

Shops:
D:8 :

Annotations:
D:9 Grum


Innate Abilities, Weirdness & Mutations

You are a hulking beast.
Your limbs bulge with bestial killing power. (Slay +4)
You are too large for most types of armour.
You have claws for hands.
Your natural rate of healing is unusually fast.
You are covered in fur. (AC +1)
You have tough skin. (AC +1)


Message History

Grum hits you from afar with a -2 halberd!
Things that are here:
a +0 dagger; a +0 robe You claw the orc wizard!
The orc wizard is heavily wounded.
The orc wizard hits you but does no damage.
Grum hits you from afar with a -2 halberd!!
You closely miss the orc wizard.
The orc wizard is heavily wounded.
The wolf bites you.
The orc wizard hits you with a +0 dagger.
Grum hits you from afar with a -2 halberd!
You closely miss the orc wizard.
The orc wizard is heavily wounded.
The wolf bites you. The orc wizard barely misses you.
The wolf barely misses you.
Grum hits you from afar with a -2 halberd.
You closely miss the orc wizard. Your claw misses the orc wizard.
The orc wizard is heavily wounded.
A wolf comes into view.
The wolf bites you!
The orc wizard hits you but does no damage.
Grum barely misses you.
The wolf howls!
You scratch the orc wizard.
The orc wizard is severely wounded.
The wolf closely misses you. The wolf barely misses you.
The orc wizard closely misses you.
Grum hits you from afar with a -2 halberd!
* * * LOW HITPOINT WARNING * * *
You mangle the orc wizard!!
You kill the orc wizard!
The wolf completely misses you. The wolf bites you.
* * * LOW HITPOINT WARNING * * *
Things that are here:
a +0 dagger; a +0 robe; an orc corpse You closely miss the wolf.
The wolf barely misses you.
Grum hits you from afar with a -2 halberd!!
You die...

#.#####.....#
#...........# ###
#.........###....
#.........#......
#..######.'......
#.........#......
#.........#......
#.........# .....
#......)h.# .....
.......hh# ....
....#...g# ....
....#....# ...
#....# .. #.....
#...... .......
........#


You could see Grum and 2 wolves.

Vanquished Creatures
  A two-headed ogre (D:9)
  6 yaks (D:8)
  2 water moccasins
  2 black bears
  3 ogres
  4 phantoms
  2 centaurs
  A kobold brigand (D:8)
  A bullfrog (D:7)
  A scorpion (D:7)
  3 wights (D:8)
  4 killer bees (D:9)
  A howler monkey (D:8)
  3 bombardier beetles
  4 hounds
  A jelly (D:5)
  3 orc priests
  8 iguanas
  7 orc wizards
  A sleepcap (D:5)
  7 adders
  4 white imps
  6 dart slugs
  2 ribbon worms
  23 orcs
  6 bats
  3 endoplasms
  9 giant cockroaches
  5 goblins
  7 hobgoblins
  3 jackals
  6 quokkas
  5 ball pythons
  6 frilled lizards
  22 kobolds
  5 rats
177 creatures vanquished.

Notes
Turn   | Place    | Note
-------+----------+-------------------------------------------
     0 | D:1      | KittyFluff the Troll Shapeshifter began the quest for the
                  | Orb.
     0 | D:1      | Reached XP level 1. HP: 18/18 MP: 0/0
    87 | D:1      | Reached skill level 1 in Fighting
   141 | D:1      | Reached XP level 2. HP: 27/27 MP: 1/1
   645 | D:1      | Found a faded altar of an unknown god.
   714 | D:1      | Reached XP level 3. HP: 33/33 MP: 2/2
  1050 | D:2      | Reached XP level 4. HP: 41/41 MP: 3/3
  1555 | D:3      | Reached skill level 4 in Shapeshifting
  1655 | D:3      | Found a shimmering blue altar of Sif Muna.
  1790 | D:3      | Found a burning altar of Makhleb.
  1948 | D:3      | Reached XP level 5. HP: 49/49 MP: 4/4
  2421 | D:4      | Noticed an ogre
  2425 | D:4      | Killed an ogre
  2558 | D:4      | Reached skill level 1 in Throwing
  2695 | D:4      | Reached XP level 6. HP: 57/57 MP: 5/5
  3016 | D:4      | Reached skill level 5 in Shapeshifting
  3016 | D:4      | Reached XP level 7. HP: 58/66 MP: 6/6
  3132 | D:5      | Entered Level 5 of the Dungeon
  3990 | D:5      | Reached XP level 8. HP: 75/75 MP: 7/7
  4005 | D:5      | Reached skill level 6 in Shapeshifting
  4021 | D:5      | Reached skill level 5 in Unarmed Combat
  4401 | D:6      | Found a snail-covered altar of Cheibriados.
  5334 | D:7      | Found a staircase to the Ecumenical Temple.
  5375 | D:7      | Reached skill level 7 in Shapeshifting
  5483 | Temple   | Entered the Ecumenical Temple
  5646 | D:8      | Reached XP level 9. HP: 59/82 MP: 8/8
  6141 | D:8      | Found Femoiwot's Book Emporium.
  6467 | D:8      | Reached skill level 8 in Shapeshifting
  6792 | D:9      | Noticed a two-headed ogre
  6804 | D:9      | Killed a two-headed ogre
  6805 | D:9      | Reached skill level 5 in Fighting
  6805 | D:9      | Reached skill level 5 in Dodging
  6812 | D:9      | Reached XP level 10. HP: 56/96 MP: 9/9
  6951 | D:9      | Noticed Grum
  6963 | D:9      | Mangled by Grum

Illustrated notes

Levels and vault maps discovered:
D:1:      saegor_arrival_simple_c, layout_basic, serial_glass, glass_columns_c,
          glass_columns_b, ebering_ecumenical_altar_sacrificial
D:2:      layout_loops_ring, kennysheep_path_1
D:3:      layout_loops_ring, mainiacjoe_overflow_tiny_flanked,
          lightli_temple_of_fire, kennysheep_nondescript
D:4:      layout_loops_ring
D:5:      minmay_chambers_of_threes, layout_basic
D:6:      layout_basic, slow_altar_1
D:7:      layout_basic, minmay_temple_entry_glass, serial_glass,
          glass_columns_b, glass_columns_c, glass_columns_a, glass_columns_b,
          glass_columns_c, corexii_leaking_fountain, minmay_misc_feat_encased
D:8:      layout_basic, serial_shops, nicolae_book_shop_shelving
D:9:      layout_stronghold, fedhas_altar_fruit_tree, erik_lair_orcish_takeover,
          serial_glass, glass_columns_a, glass_columns_a, uniq_grum
Temple:   nicolae_temple_no_exploring_needed

Skill      XL: |  1  2  3  4  5  6  7  8  9 |
---------------+----------------------------+-----
Fighting       | 1 2 3 4 5 |  5.0
Dodging        | 2 3 4 5 |  5.1
Shapeshifting  | 4 5 7 8 |  8.4
Throwing       | 1 2 3 4 |  4.9
Unarmed Combat | 4 5 6 |  6.6

Action                     |  1- 3 |  4- 6 |  7- 9 | 10-12 || total
---------------------------+-------+-------+-------+-------++-------
  Melee: Unarmed           |    75 |   163 |   238 |    13 ||   489
         Punch             |     1 |       |     6 |     1 ||     8
    Use: Scroll            |       |     1 |     6 |       ||     7
   Stab: Sleeping          |     2 |       |       |       ||     2
 Armour: Animal skin       |    46 |    86 |   140 |    18 ||   290
  Dodge: Dodged            |    36 |    78 |   109 |    13 ||   236
